[Event "*** Titled Tuesday Blitz"]
[Site "Chess.com"]
[Date "2020.05.26"]
[Round "10"]
[White "latixxa"]
[Black "MNyuyu"]
[Result "0-1"]
[WhiteElo "2130"]
[BlackElo "2313"]
[TimeControl "180+1"]
[EndTime "12:01:17 PDT"]
[Termination "MNyuyu won by resignation"]

1. e4 d5 2. exd5 Qxd5 3. Nc3 Qd8 4. Nf3 Bg4 5. h3 Bh5 6. d4 c6 7. Bc4 e6 8. g4 Bg6 9. Ne5 Nd7 10. Qe2 Ngf6 11. h4 Bb4 12. Bd2 Bxc3 13. Bxc3 Be4 14. f3 Bd5 15. Bxd5 Nxd5 16. Bd2 Nxe5 17. dxe5 Qb6 18.
O-O-O O-O-O 19. a3 Rd7 20. h5 h6 21. f4 Rhd8 22. g5 Qc7 23. g6 fxg6 24. hxg6 Ne7 25. Qc4 Rd5 26. Bb4 Rxd1+ 27. Rxd1 Rxd1+ 28. Kxd1 Qd7+ 29. Qd3 Nxg6 30. Bd6 Qf7 31. Qe4 Qf5 32. Qxf5 exf5 33. e6 h5 34. Ke2 Kd8 35. Kf3 h4 36. c3 Ke8 37. b4 Nf8 38. e7 Ng6 39. c4 Nxe7 40.
b5 cxb5 41. cxb5 g6 42. a4 a6 43. bxa6 bxa6 44. a5 Kd7 45. Bb4 Nc6 46. Be1 Ke6 47.
Kg2 Kd5 48. Kh3 Ke4 49. Bd2 Nd4 50. Bc1 0-1

[Event "*** Titled Tuesday Blitz"]
[Site "Chess.com"]
[Date "2020.05.26"]
[Round "10"]
[White "robertofabregas"]
[Black "Kate1606"]
[Result "0-1"]
[WhiteElo "2105"]
[BlackElo "1571"]
[TimeControl "180+1"]
[EndTime "12:01:18 PDT"]
[Termination "Kate1606 won by resignation"]

1. c4 c5 2. Nf3 g6 3. Nc3 Bg7 4. g3 Nc6 5. Bg2 e5 6. d3 Nge7 7. O-O d6 8. Rb1 Be6 9. a3 a5 10. Bg5 h6 11. Bd2 O-O 12. Qc1 Kh7 13. Ne1 Nd4 14.
Qd1 Rb8 15. e3 Ndc6 16. Nc2 d5 17. Nxd5 Nxd5 18. cxd5 Bxd5 19. Bxd5 Qxd5 20. Bc3 Rbd8 21. Ne1 e4 22. Qd2 exd3 23. Bxa5 c4 24. Bc3 Ne5 25. f4 Ng4 26. Ng2 Rfe8 27. h3 Nf6 28. Rbe1 Ne4 29. Qd1 Nxg3 30. Rf2 Ne4 31. Rff1 Nxc3 32.
bxc3 Bxc3 0-1

[Event "*** Titled Tuesday Blitz"]
[Site "Chess.com"]
[Date "2020.05.26"]
[Round "10"]
[White "Sanyura"]
[Black "Arjun2002"]
[Result "1/2-1/2"]
[WhiteElo "2518"]
[BlackElo "2666"]
[TimeControl "180+1"]
[EndTime "12:01:20 PDT"]
[Termination "Game drawn by repetition"]

1. e4 c5 2. Nf3 Nc6 3. d4 cxd4 4. Nxd4 Nf6 5. Nc3 d6 6. Bg5 e6 7.
Qd2 a6 8. O-O-O Be7 9. h4 Bd7 10.
Be2 Nxd4 11. Qxd4 Bc6 12. f3 b5 13. Kb1 Qc7 14. a3 Rb8 15. g4 a5 16. Bxf6 gxf6 17. g5 b4 18. axb4 axb4 19. Na2 e5 20. Qd2 fxg5 21. hxg5 Qa5 22. Bc4 Bd7 23. Rh6 Ra8 24.
Rxd6 Bxd6 25. Qxd6 Ba4 26. Bxf7+ Kxf7 27. Qf6+ Kg8 28. Qe6+ Kf8 29. Qf6+ Kg8 30. Qe6+ Kg7 31.
Qf6+ Kg8 1/2-1/2

[Event "*** Titled Tuesday Blitz"]
[Site "Chess.com"]
[Date "2020.05.26"]
[Round "10"]
[White "RobertPrieb2007"]
[Black "ElGasanov"]
[Result "1-0"]
[WhiteElo "2505"]
[BlackElo "2734"]
[TimeControl "180+1"]
[EndTime "12:01:21 PDT"]
[Termination "RobertPrieb2007 won by resignation"]

1. d4 d6 2. Nf3 g6 3. c4 Bg7 4.
Nc3 Bg4 5. e4 Nc6 6. d5 Nd4 7.
Be3 Bxf3 8. gxf3 c5 9. dxc6 Nxc6 10. Bg2 Bxc3+ 11. bxc3 Qa5 12. Qb3 Nf6 13. Qxb7 Qxc3+ 14. Bd2 Qxa1+ 15. Ke2 Nd4+ 16. Kd3 Qxa2 17. Qxa8+ Kd7 18.
Qb7+ Kd8 19. Qb8+ Kd7 20. Qb7+ Kd8 21. Rb1 e5 22. Bh3 Qa3+ 23. Bc3 Re8 24. Qc8+ Ke7 25.
Rb7+ Kf8 26. Qc7 Kg7 27. Qxf7+ Kh6 28. Qxf6 1-0

[Event "*** Titled Tuesday Blitz"]
[Site "Chess.com"]
[Date "2020.05.26"]
[Round "10"]
[White "mrkvoz"]
[Black "Witik"]
[Result "1-0"]
[WhiteElo "2834"]
[BlackElo "2664"]
[TimeControl "180+1"]
[EndTime "12:01:22 PDT"]
[Termination "mrkvoz won by resignation"]

1. e4 c6 2. Nc3 d5 3. d3 Nf6 4. e5 Nfd7 5. f4 e6 6. Nf3 c5 7. d4 Nc6 8. Be3 cxd4 9. Nxd4 Bc5 10. Qd2 O-O 11. O-O-O a6 12. Kb1 Bxd4 13. Bxd4 b5 14.
Be3 Nb6 15. b3 b4 16. Ne2 a5 17. Nd4 Bd7 18. Qf2 Rb8 19. g4 a4 20. Nxc6 Bxc6 21. Rg1 axb3 22. cxb3 d4 23. Bxd4 Nd5 24. Bc4 Qa5 25.
f5 Nc3+ 26. Bxc3 bxc3 27. Ka1 Qxe5 28. Qd4 Qxd4 29. Rxd4 exf5 30. gxf5 Rfd8 31. Rxd8+ Rxd8 32. Rc1 Be4 33. Rxc3 Bxf5 34. a4 Be4 35. b4 g5 36.
b5 Kg7 37. a5 f5 38. a6 Rd6 39. Re3 Rd4 40. Rxe4 fxe4 41. a7 Rd8 42. b6 Ra8 43. Kb2 e3 44. b7 1-0

[Event "*** Titled Tuesday Blitz"]
[Site "Chess.com"]
[Date "2020.05.26"]
[Round "10"]
[White "chesslh19"]
[Black "TheoSlade"]
[Result "0-1"]
[WhiteElo "2165"]
[BlackElo "2321"]
[TimeControl "180+1"]
[EndTime "12:01:22 PDT"]
[Termination "TheoSlade won by resignation"]

1. e4 e5 2. Nf3 Nc6 3. Bb5 Nf6 4. O-O Nxe4 5. Re1 Nd6 6. Nxe5 Be7 7. Bf1 Nxe5 8. Rxe5 O-O 9. d4 Bf6 10. Re1 Re8 11.
c3 Rxe1 12. Qxe1 Ne8 13. Bf4 d5 14. Nd2 Bf5 15. Nf3 g6 16. Qd2 Ng7 17. Re1 c6 18. Bg5 Ne6 19. Bxf6 Qxf6 20. Ne5 Re8 21. Bd3 Bxd3 22. Nxd3 Qd8 23. h3 Ng7 24. Rxe8+ Qxe8 25. Qe1 Qxe1+ 26. Nxe1 Nf5 27. Nd3 Kg7 28. g3 Kf6 29.
Kg2 Nd6 30. Kf3 h5 31. h4 Nc4 32. b3 Nd2+ 33. Ke2 Ne4 34. c4 Nc3+ 35. Kd2 Nxa2 36.
cxd5 cxd5 37. Kc2 a5 38. Kb2 Nb4 39. Nxb4 axb4 40. Kc2 Kf5 41. f3 g5 42. hxg5 Kxg5 43. Kd3 h4 44. gxh4+ Kxh4 45. Ke3 Kg3 46. Ke2 f5 47. Ke3 f4+ 48. Ke2 Kg2 0-1

[Event "*** Titled Tuesday Blitz"]
[Site "Chess.com"]
[Date "2020.05.26"]
[Round "10"]
[White "Mikhal867"]
[Black "Chessmatus"]
[Result "0-1"]
[WhiteElo "2210"]
[BlackElo "2501"]
[TimeControl "180+1"]
[EndTime "12:01:23 PDT"]
[Termination "Chessmatus won by resignation"]

1. c4 Nf6 2. Nc3 e5 3. g3 d5 4. cxd5 Nxd5 5. Bg2 Nxc3 6. bxc3 Bc5 7. Rb1 Nc6 8. Nf3 O-O 9. O-O Rb8 10. Qa4 Bf5 11.
e4 Qd3 12. Rb5 Bg4 13. Ne1 Qd6 14. d4 exd4 15. Bf4 Qe7 16. Nd3 Bb6 17. f3 Bd7 18.
Bg5 f6 19. Qb3+ Be6 20. Rd5 dxc3+ 21. Kh1 fxg5 0-1

[Event "*** Titled Tuesday Blitz"]
[Site "Chess.com"]
[Date "2020.05.26"]
[Round "10"]
[White "manuellarrea"]
[Black "Enriquack"]
[Result "0-1"]
[WhiteElo "2173"]
[BlackElo "2321"]
[TimeControl "180+1"]
[EndTime "12:01:24 PDT"]
[Termination "Enriquack won on time"]

1. e4 c5 2. Nf3 e6 3. d4 cxd4 4. Nxd4 Nc6 5. Nc3 Qc7 6. Be3 a6 7. Qf3 b5 8. Nxc6 Qxc6 9. O-O-O Bb7 10. Bd3 Rc8 11. Kb1 Nf6 12. Qg3 b4 13. Ne2 Nxe4 14.
Bxe4 Qxe4 15. Nd4 Qxg2 16. Qe5 Qe4 17. Qa5 Bc5 18. Rhe1 O-O 19. Nb3 Bxe3 20. fxe3 Qxc2+ 21. Ka1 Bd5 22. Rg1 Bxb3 23. axb3 d5 24. Qxb4 Rb8 25. Qg4 g6 26. Qd4 Qxb3 0-1

[Event "*** Titled Tuesday Blitz"]
[Site "Chess.com"]
[Date "2020.05.26"]
[Round "10"]
[White "Zakaryan_David"]
[Black "vanea_03"]
[Result "1/2-1/2"]
[WhiteElo "2535"]
[BlackElo "2686"]
[TimeControl "180+1"]
[EndTime "12:01:26 PDT"]
[Termination "Game drawn by repetition"]

1. d4 d5 2. c4 dxc4 3. e3 e5 4. Bxc4 exd4 5. exd4 Bd6 6. Nf3 Nf6 7. O-O O-O 8. Nc3 Nc6 9. Bg5 h6 10. Bh4 Bg4 11.
h3 Bxf3 12. Qxf3 Nxd4 13. Qxb7 Nf5 14. Bxf6 Qxf6 15. Rfe1 Qh4 16. Qe4 Qxe4 17. Nxe4 Bb4 18. Red1 Nd6 19. Bd5 Rab8 20. a3 Nxe4 21. axb4 Rxb4 22.
Rxa7 Nf6 23. Rxc7 Nxd5 24. Rxd5 Rxb2 25. Rdd7 Rb6 26. g4 Rf6 27. Kg2 g5 28. Rc2 Kg7 29.
Rc3 Kg6 30. Rf3 Rxf3 31. Kxf3 Ra8 32. Rd6+ f6 33. Kg3 Ra3+ 34. f3 Rb3 35. Ra6 Rc3 36. Rb6 Ra3 37. Rc6 Rb3 38. Ra6 Rc3 39. Ra5 Rb3 40.
Rf5 h5 41. Ra5 h4+ 42. Kg2 Rb2+ 43. Kg1 Rb3 44. Kf2 Rb2+ 45. Kg1 Rb3 46. Kf2 Rb2+ 47. Kg1 1/2-1/2

[Event "*** Titled Tuesday Blitz"]
[Site "Chess.com"]
[Date "2020.05.26"]
[Round "10"]
[White "JLRHei"]
[Black "joejan"]
[Result "1-0"]
[WhiteElo "2322"]
[BlackElo "2186"]
[TimeControl "180+1"]
[EndTime "12:01:29 PDT"]
[Termination "JLRHei won by resignation"]

1. d4 Nf6 2. c4 e6 3. Nf3 d5 4. g3 c6 5. Bg2 Nbd7 6. O-O dxc4 7. a4 Rb8 8. Qc2 b5 9. axb5 cxb5 10. Rxa7 Bd6 11. e4 Bc7 12. d5 exd5 13. Rxc7 Qxc7 14. Bf4 Qb6 15. Bxb8 dxe4 16. Bf4 exf3 17. Re1+ Kd8 18. Bxf3 Re8 19. Rd1 Bb7 20. Bxb7 Qxb7 21. Nc3 Kc8 22. Qf5 b4 23. Nb5 Qf3 24. Nd6+ Kd8 25.
Qa5+ Ke7 26. Re1+ Kf8 27. Nxe8 Nxe8 28. Qxb4+ 1-0

[Event "*** Titled Tuesday Blitz"]
[Site "Chess.com"]
[Date "2020.05.26"]
[Round "10"]
[White "crossingthestreet"]
[Black "Azoulas1"]
[Result "1-0"]
[WhiteElo "2243"]
[BlackElo "1995"]
[TimeControl "180+1"]
[EndTime "12:01:30 PDT"]
[Termination "crossingthestreet won by resignation"]

1. c4 e5 2. Nc3 Nc6 3. e3 Bc5 4.
Nf3 d6 5. d4 exd4 6. exd4 Bb6 7.
Be2 a6 8. O-O Nge7 9. Bg5 O-O 10. Re1 h6 11. Bh4 Bf5 12. d5 Ne5 13. Bf1 N5g6 14.
Bg3 Bg4 15. h3 Bh5 16. Bh2 Bxf3 17. Qxf3 Nh4 18. Qg4 Nhg6 19. Bd3 Qc8 20. Qf3 Bd4 21. Rxe7 Nxe7 22. Qe4 Bxf2+ 23. Kxf2 Ng6 24. Kg1 Re8 25. Qf3 Qd7 26. Rf1 Ne5 27. Bxe5 Rxe5 28. Bc2 Rae8 29. Qd3 g6 30. Qd2 Kg7 31. Qd4 b5 32. cxb5 axb5 33. Bd3 b4 34. Qxb4 Rg5 35. Qd4+ Kg8 36. Ne4 Rge5 37. Nf6+ Kg7 38. Nxd7 Kg8 39. Nxe5 Rxe5 40. Qf4 1-0

[Event "*** Titled Tuesday Blitz"]
[Site "Chess.com"]
[Date "2020.05.26"]
[Round "10"]
[White "Playgood28"]
[Black "cioxminator"]
[Result "0-1"]
[WhiteElo "2291"]
[BlackElo "2416"]
[TimeControl "180+1"]
[EndTime "12:01:31 PDT"]
[Termination "cioxminator won by resignation"]

1. d4 Nf6 2. c4 e6 3. Nc3 Bb4 4. Qc2 O-O 5. a3 Bxc3+ 6. Qxc3 b5 7. e3 bxc4 8. Bxc4 Bb7 9. Nf3 Ne4 10. Qc2 c5 11.
dxc5 Nxc5 12. b4 Be4 13. Qc3 Na4 14. Qd4 d5 15. Bb3 Nc6 16. Qd2 Nb6 17. Bb2 a5 18. O-O a4 19. Ba2 f6 20. Rac1 Qd6 21.
Ne1 Rfd8 22. Nd3 Nc4 23. Bxc4 dxc4 24. Rxc4 Bxd3 25. Rxc6 Qxc6 26. Rc1 Qd5 0-1

[Event "*** Titled Tuesday Blitz"]
[Site "Chess.com"]
[Date "2020.05.26"]
[Round "10"]
[White "Ariadna_Atreides"]
[Black "kot60"]
[Result "1-0"]
[WhiteElo "2085"]
[BlackElo "2371"]
[TimeControl "180+1"]
[EndTime "12:01:32 PDT"]
[Termination "Ariadna_Atreides won by resignation"]

1. d4 Nf6 2. Nf3 g6 3. c4 Bg7 4.
Nc3 d5 5. cxd5 Nxd5 6. Na4 O-O 7. e4 Nb6 8. Be3 N8d7 9. Be2 Nf6 10. Nc5 Nbd7 11.
Nxd7 Bxd7 12. Qc2 c6 13. O-O Bg4 14. h3 Bxf3 15. Bxf3 Ne8 16. a3 Nd6 17. Rfd1 Rc8 18. b4 b5 19. g4 Qd7 20. Be2 Qe6 21. e5 Ne8 22. Rac1 a6 23. f4 f5 24. d5 Qf7 25.
dxc6 fxg4 26. Bxg4 Rc7 27. Rd7 h5 28. Bf3 Qe6 29.
Bd5 1-0

[Event "*** Titled Tuesday Blitz"]
[Site "Chess.com"]
[Date "2020.05.26"]
[Round "10"]
[White "jacky72"]
[Black "keepitcool9499"]
[Result "1-0"]
[WhiteElo "2671"]
[BlackElo "2471"]
[TimeControl "180+1"]
[EndTime "12:01:33 PDT"]
[Termination "jacky72 won by resignation"]

1. d4 e6 2. c4 Nf6 3. Nf3 d5 4. Nc3 Be7 5. Bg5 O-O 6. cxd5 exd5 7. Qc2 c6 8. e3 Nbd7 9. Bd3 Re8 10. h3 h6 11. Bh4 Ne4 12. Bxe7 Qxe7 13. Bxe4 dxe4 14.
Nd2 Nf6 15. O-O Bf5 16. Rab1 a5 17. a3 Nd7 18. b4 axb4 19. axb4 Qg5 20. Kh2 Nf6 21. b5 Re6 22. Nc4 Qh4 23. Ne5 Ng4+ 24. Nxg4 Bxg4 25. bxc6 bxc6 26. Rb7 Rg6 27. Qxe4 Ra5 28. d5 cxd5 29. Nxd5 Qd8 30. Ne7+ Kh7 31. hxg4 Qd6+ 32. f4 f5 33. Nxf5 Qf6 34. Ne7 Qh4+ 35. Kg1 Qxe7 36. Rxe7 1-0

[Event "*** Titled Tuesday Blitz"]
[Site "Chess.com"]
[Date "2020.05.26"]
[Round "10"]
[White "Alopekos"]
[Black "nubair1198"]
[Result "0-1"]
[WhiteElo "2515"]
[BlackElo "2700"]
[TimeControl "180+1"]
[EndTime "12:01:34 PDT"]
[Termination "nubair1198 won on time"]

1. e4 Nf6 2. e5 Nd5 3. Nc3 e6 4. Nxd5 exd5 5. d4 d6 6. Nf3 Nc6 7. Bb5 Bg4 8. h3 Bh5 9. O-O Be7 10. exd6 Qxd6 11. g4 Bg6 12. Ne5 O-O 13. Bxc6 bxc6 14.
Bf4 f5 15. g5 Be8 16. Re1 Qd8 17. Qe2 Bxg5 18. Bxg5 Qxg5+ 19. Kh1 Bh5 20. f3 Rf6 21.
Qe3 f4 22. Qf2 Rh6 23. Rg1 Qe7 24. Rg2 Be8 25. Rh2 Bd7 26. h4 Bf5 27. Rg1 Rf8 28.
Rg5 Kh8 29. Kg1 c5 30. Rhg2 cxd4 31. Nc6 Rxc6 0-1

[Event "*** Titled Tuesday Blitz"]
[Site "Chess.com"]
[Date "2020.05.26"]
[Round "10"]
[White "antoszu"]
[Black "silverback96"]
[Result "1-0"]
[WhiteElo "2502"]
[BlackElo "2323"]
[TimeControl "180+1"]
[EndTime "12:01:36 PDT"]
[Termination "antoszu won on time"]

1. e4 e6 2. d4 d5 3. Nd2 Nf6 4.
e5 Nfd7 5. Bd3 c5 6. c3 Nc6 7.
Ne2 cxd4 8. cxd4 f6 9. exf6 Nxf6 10. O-O Bd6 11. Nf3 Qc7 12. h3 O-O 13. Be3 Nh5 14. Rc1 Rxf3 15. gxf3 Qf7 16. Ng3 Nf4 17. Bxf4 Bxf4 18.
Rc3 e5 19. dxe5 Bxh3 20. Re1 Nxe5 21. Bf1 Bxf1 22. Rxf1 h5 23. Ne2 d4 24. Qxd4 Bh2+ 25. Kxh2 Nxf3+ 26. Rxf3 Qxf3 27. Rg1 1-0

[Event "*** Titled Tuesday Blitz"]
[Site "Chess.com"]
[Date "2020.05.26"]
[Round "10"]
[White "Vandros57"]
[Black "Koalaskakistis"]
[Result "1-0"]
[WhiteElo "2242"]
[BlackElo "2404"]
[TimeControl "180+1"]
[EndTime "12:01:38 PDT"]
[Termination "Vandros57 won by resignation"]

1. d4 f5 2. e4 fxe4 3. Nc3 Nf6 4. Bg5 g6 5. Bxf6 exf6 6. Nxe4 d5 7. Ng3 Bd6 8. Nf3 O-O 9. Be2 Nc6 10. O-O f5 11.
Re1 Qf6 12. c4 dxc4 13. Bxc4+ Kg7 14. Bb3 Bd7 15. Rc1 Rae8 16. Qd3 Nb4 17. Qc4 Bc6 18. Ne5 Bd5 19. Qc3 Re7 20. h3 Nxa2 21. Bxa2 Bxa2 22.
b3 Rfe8 23. Qb2 1-0

[Event "*** Titled Tuesday Blitz"]
[Site "Chess.com"]
[Date "2020.05.26"]
[Round "10"]
[White "Roaccutane"]
[Black "chessplayer9919"]
[Result "1-0"]
[WhiteElo "2704"]
[BlackElo "2483"]
[TimeControl "180+1"]
[EndTime "12:01:39 PDT"]
[Termination "Roaccutane won by checkmate"]

1. d4 Nf6 2. c4 c5 3. d5 b5 4. cxb5 a6 5. bxa6 g6 6. b3 Bg7 7.
Bb2 O-O 8. g3 Qa5+ 9. Bc3 Qb6 10.
Bg2 d6 11. Nh3 Nxa6 12. Nf4 Bf5 13. O-O Nb4 14. a3 Nc2 15. Ra2 Qxb3 16. Rb2 Qa4 17. e4 Nxe4 18. Bxg7 Kxg7 19. Rxc2 Nxg3 20. hxg3 Bxc2 21. Qg4 Bxb1 22. Rxb1 Qd4 23. Re1 Rfe8 24. Qg5 Rxa3 25. Rxe7 Ra1+ 26. Kh2 Rxe7 27. Qxe7 Qxf2 28. Ne6+ Kh6 29. Qh4# 1-0

[Event "*** Titled Tuesday Blitz"]
[Site "Chess.com"]
[Date "2020.05.26"]
[Round "10"]
[White "Dmitry_Konenkin"]
[Black "harkerchess"]
[Result "1-0"]
[WhiteElo "2264"]
[BlackElo "2059"]
[TimeControl "180+1"]
[EndTime "12:01:39 PDT"]
[Termination "Dmitry_Konenkin won by resignation"]

1. d4 d5 2. Bg5 Nd7 3. Nf3 h6 4. Bh4 Ngf6 5. Nbd2 e6 6. e3 Be7 7. Bd3 c5 8. c3 c4 9. Bc2 O-O 10. O-O b5 11. e4 Bb7 12. e5 Ne8 13. Bxe7 Qxe7 14.
a3 a5 15. g3 Nc7 16. Nh4 b4 17. f4 Nb5 18. a4 bxc3 19. axb5 cxd2 20. Qxd2 Qb4 21. Qxb4 axb4 22. f5 b3 23. fxe6 fxe6 24. Bg6 Rxa1 25. Rxa1 Ra8 26. Rf1 Rf8 27. Ra1 Ra8 28.
Rxa8+ Bxa8 29. Kf2 Nb6 30. Ke2 Na4 31. Kd2 Nxb2 32.
Ng2 Na4 33. Nf4 c3+ 34. Kc1 Kf8 35. Nxe6+ Ke7 36. Nxg7 Bb7 37. Nf5+ Kf8 38. e6 b2+ 39. Kc2 b1=Q+ 40. Kxb1 c2+ 41. Kxc2 Kg8 42. e7 Bc6 43. bxc6 1-0

[Event "*** Titled Tuesday Blitz"]
[Site "Chess.com"]
[Date "2020.05.26"]
[Round "10"]
[White "Feegus"]
[Black "MMKZH22"]
[Result "0-1"]
[WhiteElo "2425"]
[BlackElo "2307"]
[TimeControl "180+1"]
[EndTime "12:01:42 PDT"]
[Termination "MMKZH22 won on time"]

1. Nf3 d5 2. g3 Nf6 3. Bg2 c6 4. O-O Bf5 5. d4 Nbd7 6. Bf4 e6 7. c4 Be7 8. Nc3 h6 9. Ne5 O-O 10. Re1 Re8 11. Qb3 Qb6 12. c5 Qxb3 13. axb3 Nxe5 14.
Bxe5 Nd7 15. Bf4 Bf6 16. e3 g5 17. Bd6 e5 18. Red1 exd4 19. exd4 Bc2 20. Re1 a6 21. Rxe8+ Rxe8 22. b4 Bxd4 23. Bh3 Nf6 0-1

[Event "*** Titled Tuesday Blitz"]
[Site "Chess.com"]
[Date "2020.05.26"]
[Round "10"]
[White "FrogMist"]
[Black "TheBigBadChessDad"]
[Result "1-0"]
[WhiteElo "2358"]
[BlackElo "2234"]
[TimeControl "180+1"]
[EndTime "12:01:43 PDT"]
[Termination "FrogMist won by resignation"]

1. e4 e5 2. Nf3 Nf6 3. d3 Nc6 4.
Be2 d5 5. exd5 Nxd5 6. O-O Bd6 7. Re1 O-O 8. Bf1 Re8 9. Nc3 Nxc3 10. bxc3 Bg4 11.
h3 Bh5 12. g4 Bg6 13. Nd2 f5 14. gxf5 Bxf5 15. Nc4 Qh4 16. Qf3 Rf8 17. Qg3 Qf6 18. Bg5 Qf7 19. Bg2 Kh8 20. Rab1 Rab8 21. a4 h6 22. Bc1 Bc5 23. a5 Be6 24. Be3 Bxe3 25. Nxe3 Nxa5 26. Rb5 Nc6 27. Reb1 a6 28. Rxb7 Rxb7 29.
Rxb7 Nd8 30. Rb8 Ba2 31. c4 a5 32. Rb2 Bxc4 33. Nxc4 a4 34. Nxe5 Qe6 35. Ng6+ Kg8 36. Bd5 1-0

[Event "*** Titled Tuesday Blitz"]
[Site "Chess.com"]
[Date "2020.05.26"]
[Round "10"]
[White "ChelsieMonica"]
[Black "annamaja"]
[Result "1-0"]
[WhiteElo "2389"]
[BlackElo "2245"]
[TimeControl "180+1"]
[EndTime "12:01:45 PDT"]
[Termination "ChelsieMonica won on time"]

1. c4 e5 2. Nc3 Nf6 3. e4 Nc6 4. Nf3 Bb4 5. d3 O-O 6. Be2 d6 7. Bg5 h6 8. Bh4 Nd4 9. O-O Bxc3 10.
bxc3 Nxf3+ 11. Bxf3 g5 12. Bg3 Be6 13. c5 Nd7 14. cxd6 cxd6 15. d4 Bc4 16. Re1 Qe7 17. a4 a5 18. Rb1 b6 19. Bg4 Be6 20. Re3 Bxg4 21. Qxg4 Rac8 22. h4 Rc4 23. hxg5 Qxg5 24. Qxd7 exd4 25. cxd4 Rxd4 26. Rbe1 Rd8 27. Qf5 Qg7 28. e5 Rxa4 29. e6 f6 30. e7 Re8 31.
Bxd6 Rg4 32. Qxg4 Qxg4 33. Rg3 Qxg3 34. Bxg3 Kf7 35. Bd6 1-0

[Event "*** Titled Tuesday Blitz"]
[Site "Chess.com"]
[Date "2020.05.26"]
[Round "10"]
[White "TranJMinh"]
[Black "Lubov_Gordyk"]
[Result "0-1"]
[WhiteElo "2768"]
[BlackElo "2634"]
[TimeControl "180+1"]
[EndTime "12:01:46 PDT"]
[Termination "Lubov_Gordyk won by checkmate"]

1. d4 c5 2. d5 f5 3. Nc3 Nf6 4. Bg5 Qb6 5. Bxf6 Qxf6 6. e3 g6 7. Nge2 Bg7 8. g3 d6 9. Bg2 Nd7 10. O-O O-O 11. Nf4 Ne5 12. Ne6 Bxe6 13. dxe6 Rab8 14. Bd5 b5 15. Ne2 Nc4 16. c3 Nxb2 17. Qd2 Na4 18. Rac1 Nb6 19. h4 Rfc8 20. Nf4 a6 21.
Rfe1 Na4 22. Ne2 c4 23. Nd4 Nc5 24. Rcd1 Rc7 25. e4 f4 26. gxf4 Qxh4 27. f5 Nd3 28. Re3 Bh6 29. Kf1 Qh1+ 30. Ke2 Nf4# 0-1

[Event "*** Titled Tuesday Blitz"]
[Site "Chess.com"]
[Date "2020.05.26"]
[Round "10"]
[White "andy_rekt"]
[Black "mohamed-damaj"]
[Result "1-0"]
[WhiteElo "2176"]
[BlackElo "2273"]
[TimeControl "180+1"]
[EndTime "12:01:48 PDT"]
[Termination "andy_rekt won by resignation"]

1. d4 Nf6 2. c4 e6 3. Nc3 d5 4. Nf3 c6 5. Bf4 Bd6 6. Ne5 O-O 7. e3 Bxe5 8. Bxe5 Nbd7 9. Bg3 Qb6 10. Qc2 Re8 11.
cxd5 exd5 12. Bd3 Nf8 13. O-O Bg4 14. Na4 Qd8 15. Nc5 Qe7 16. f3 Bh5 17. Rae1 Bg6 18. e4 dxe4 19. fxe4 Ne6 20. Bh4 Nxd4 21. Qc3 Rad8 22. e5 Bxd3 23. Nxd3 Qd7 24. exf6 Ne2+ 25. Rxe2 Rxe2 26. Nf4 Re4 27. fxg7 Rde8 28. Nh5 R8e6 29.
Nf6+ Rxf6 30. Bxf6 1-0

[Event "*** Titled Tuesday Blitz"]
[Site "Chess.com"]
[Date "2020.05.26"]
[Round "10"]
[White "mortngabriel"]
[Black "GelmanAlexander"]
[Result "1-0"]
[WhiteElo "2451"]
[BlackElo "2541"]
[TimeControl "180+1"]
[EndTime "12:01:52 PDT"]
[Termination "mortngabriel won on time"]

1. e4 c5 2. Nf3 e6 3. d4 cxd4 4.
Nxd4 d6 5. Nc3 a6 6. Bd3 b5 7.
O-O Bb7 8. Re1 Nd7 9. a4 b4 10. Nd5 exd5 11. exd5+ Be7 12. Nf5 Kf8 13. Qg4 g6 14.
Nxe7 Nxe7 15. Bh6+ Kg8 16. Bg5 Ne5 17. Qh4 f6 18.
Bxf6 Kf7 19. f4 Qb6+ 20. Kh1 Nf5 21. Bxf5 1-0

[Event "*** Titled Tuesday Blitz"]
[Site "Chess.com"]
[Date "2020.05.26"]
[Round "10"]
[White "Mostii"]
[Black "oykuince"]
[Result "0-1"]
[WhiteElo "2340"]
[BlackElo "2072"]
[TimeControl "180+1"]
[EndTime "12:01:52 PDT"]
[Termination "oykuince won on time"]

1. d4 Nf6 2. Nf3 e6 3. g3 b6 4.
Bg2 Bb7 5. O-O Be7 6. b3 O-O 7. Bb2 c5 8. Nbd2 d5 9. e3 cxd4 10. Nxd4 Nbd7 11. c4 Rc8 12. Rc1 Nc5 13. Qe2 dxc4 14.
Bxb7 Nxb7 15. Nxc4 Bc5 16. Ne5 Bxd4 17. Bxd4 Nd6 18.
Nc6 Qd7 19. Bxf6 gxf6 20. Nd4 e5 21. Nf3 Qg4 22. Kg2 Nf5 23. Nd4 Qe4+ 24. f3 Nxe3+ 25. Kh3 Qxd4 26. f4 Nxf1 27. Qg4+ Kh8 28. Rxf1 Qd3 29.
Rf3 Qg6 30. Qh4 Rc6 31. f5 Qg5 32. Qa4 Rc7 33. Qe4 Rfc8 34. Rd3 Qh5+ 0-1

[Event "*** Titled Tuesday Blitz"]
[Site "Chess.com"]
[Date "2020.05.26"]
[Round "10"]
[White "Fandorine"]
[Black "Gloomy_Wanderer"]
[Result "1-0"]
[WhiteElo "2902"]
[BlackElo "2757"]
[TimeControl "180+1"]
[EndTime "12:01:54 PDT"]
[Termination "Fandorine won by resignation"]

1. e4 c5 2. Nf3 a6 3. d3 b5 4. Nbd2 Bb7 5. g3 g6 6. Bg2 Bg7 7. O-O d6 8. Re1 Nf6 9. a4 O-O 10. e5 dxe5 11. Nxe5 Bxg2 12. Kxg2 b4 13. Qf3 Qd5 14.
Nb3 Rc8 15. Nc4 Qxf3+ 16. Kxf3 Ra7 17. Nb6 Rc6 18. a5 e6 19. Nd2 Nbd7 20. Ndc4 Ne8 21. Bf4 f6 22. c3 bxc3 23. bxc3 Kf7 24. Rab1 e5 25. Be3 Bf8 26. Nxd7 Rxd7 27. Rb6 Re6 28. Ke2 Nc7 29. Rb7 Ree7 30. Nb6 Rd8 31. Bxc5 1-0

[Event "*** Titled Tuesday Blitz"]
[Site "Chess.com"]
[Date "2020.05.26"]
[Round "10"]
[White "Klaus1995"]
[Black "marszach123"]
[Result "0-1"]
[WhiteElo "1824"]
[BlackElo "2159"]
[TimeControl "180+1"]
[EndTime "12:01:54 PDT"]
[Termination "marszach123 won by checkmate"]

1. e4 c5 2. Nf3 d6 3. d4 cxd4 4. Nxd4 Nf6 5. Nc3 a6 6. Be3 e5 7. Nb3 Be6 8. Qd2 Nbd7 9. O-O-O Rc8 10. Kb1 Be7 11. f4 b5 12. Bd3 O-O 13. f5 Bc4 14. h3 b4 15. Ne2 a5 16. g4 a4 17.
Nbc1 Bxd3 18. Qxd3 Nc5 19. Bxc5 Rxc5 20. g5 Nh5 21. h4 Qb6 22. Rhg1 Rfc8 23. f6 Bf8 24. Rd2 g6 25. Rg2 Rc4 26. Ng3 Nf4 27. Qf1 Nxg2 28.
Qxg2 Qe3 29. h5 Qxg5 30. hxg6 hxg6 31. Qf2 Bh6 32. Re2 Qxc1# 0-1

[Event "*** Titled Tuesday Blitz"]
[Site "Chess.com"]
[Date "2020.05.26"]
[Round "10"]
[White "Quiet_Desperation"]
[Black "MarceloPlaya"]
[Result "1-0"]
[WhiteElo "2207"]
[BlackElo "2338"]
[TimeControl "180+1"]
[EndTime "12:01:55 PDT"]
[Termination "Quiet_Desperation won by resignation"]

1. e4 e6 2. d4 d5 3. Nc3 Bb4 4. e5 c5 5. Bd2 cxd4 6. Nb5 Bxd2+ 7. Qxd2 Ne7 8. Nd6+ Kf8 9. Qf4 Nf5 10. Nxf5 exf5 11. Nf3 Nc6 12. O-O-O Be6 13. Kb1 h6 14. h4 g6 15. Nxd4 Kg7 16. f3 Qc7 17. Nxc6 bxc6 18.
g4 c5 19. gxf5 Bxf5 20. Rxd5 Rad8 21. Rxd8 Rxd8 22. Bd3 Bxd3 23. cxd3 Rxd3 24. h5 Qd8 25. Rc1 Qg5 26. Qc4 Qf5 27. Ka1 Rxf3 28. hxg6 fxg6 29. Qxc5 Rf1 30. Qxa7+ Qf7 31. Qxf7+ Rxf7 32. b4 g5 33. b5 g4 34. b6 g3 35. Rg1 Rb7 36. Rxg3+ Kf7 37.
Rb3 Ke6 38. a4 1-0